 Dungeon Crawl Stone Soup version 0.29-a0-819-g94b489e0ae (webtiles) character file.

Game seed: 15664883725411360892

207 Lekart the Trooper (level 5, -10/46 HPs)
             Began as a Draconian Fighter on July 7, 2022.
             Mangled by an ice beast (14 damage)
             ... on level 5 of the Dungeon.
             The game lasted 00:05:06 (3850 turns).

Lekart the Trooper (Draconian Fighter)              Turns: 3850, Time: 00:05:07

Health: -10/46     AC:  5    Str: 20    XL:     5   Next: 54%
Magic:  5/5        EV: 12    Int:  8    God:
Gold:   165        SH:  5    Dex: 11    Spells: 4/4 levels left

rFire   . . .      SeeInvis .   a - +1 war axe
rCold   . . .      Faith    .   b - +1 buckler
rNeg    . . .      Spirit   .   (body armour unavailable)
rPois   .          Reflect  .   (helmet restricted)
rElec   .          Harm     .   (no cloak)
rCorr   .          Rampage  .   (no gloves)
Will    .....                   (no boots)
Stlth   +.........              (no amulet)
HPRegen 0.15/turn               (no ring)
MPRegen 0.09/turn               (no ring)

@: no status effects
A: AC +5, unfitting armour, cold-blooded
a: no special abilities


You were on level 5 of the Dungeon.
You visited 1 branch of the dungeon, and saw 5 of its levels.

You collected 245 gold pieces.
You spent 80 gold pieces at shops.

Inventory:

Hand Weapons
 a - a +1 war axe (weapon)
Missiles
 d - 7 poisoned darts (quivered)
 e - 9 curare-tipped darts
 v - 6 atropa-tipped darts
Armour
 b - a +1 buckler (worn)
Jewellery
 g - a ring of ice
 i - a +6 ring of intelligence
Wands
 n - a wand of light (6)
Scrolls
 f - a scroll of fog
 j - 6 scrolls of teleportation
 m - a scroll of enchant weapon
 q - a scroll of identify
 s - a scroll of amnesia
 t - a scroll of summoning
Potions
 c - a potion of might
 h - 6 potions of curing
 k - 2 potions of degeneration
 l - a potion of brilliance {unknown}
 o - a potion of berserk rage {unknown}
 p - a potion of attraction {unknown}
 r - a potion of mutation {unknown}
 u - a potion of ambrosia {unknown}


   Skills:
 + Level 4.0 Fighting
 + Level 3.8 Axes
 + Level 2.0 Throwing
 + Level 3.2 Dodging
 + Level 3.6 Shields


You had 4 spell levels left.
You didn't know any spells.
Your spell library contained the following spells:

 Spells                   Type           Power      Damage    Failure   Level
 Apportation              Tloc           0%         N/A       50%         1
 Ensorcelled Hibernation  Hex/Ice        0%         N/A       65%         2
 Passwall                 Tmut/Erth      0%         N/A       65%         2
 Swiftness                Air            0%         N/A       86%         3
 Alistair's Intoxication  Tmut/Pois      0%         N/A       100%        5
 Dispersal                Tloc           0%         N/A       100%        6
 Borgnjor's Revivificati  Necr           0%         N/A       100%        8
 Disjunction              Tloc           0%         N/A       100%        8
 Necromutation            Tmut/Necr      0%         N/A       100%        8
 Death's Door             Necr           0%         N/A       100%        9


Dungeon Overview and Level Annotations

Branches:
Dungeon (5/15)
 Temple: D:4-7

Altars:
Xom
Zin

Shops:
D:3 *:*


Innate Abilities, Weirdness & Mutations

Your plain brown scales are hard. (AC +5)
You cannot fit into any form of body armour.
You are cold-blooded and may be slowed by cold attacks.


Message History

The ice beast hits you but does no damage.
The ice beast closely misses you.
You hit the ice beast.
Your tail-slap misses the ice beast.
The ice beast is moderately wounded.
The ice beast closely misses you.
You completely miss the ice beast.
The ice beast is moderately wounded.
The ice beast hits you. The ice beast freezes you!
The ice beast hits you but does no damage.
You hit the ice beast.
The ice beast is moderately wounded.
The ice beast hits you but does no damage.
You hit the ice beast. You tail-slap the ice beast.
The ice beast is moderately wounded.
The ice beast hits you.
* * * LOW HITPOINT WARNING * * *
The ice beast freezes you!
You feel yourself slow down.
* * * LOW HITPOINT WARNING * * *
You hit the ice beast.
The ice beast is heavily wounded.
The ice beast closely misses you. The ice beast barely misses you.
You hit the ice beast.
The ice beast is heavily wounded.
You feel yourself speed up. The ice beast closely misses you.
The ice beast hits you but does no damage.
Okay, then.
The ice beast attacks as you move away! You block the ice beast's attack.
There is a stone staircase leading up here.
The ice beast attacks as you move away! You block the ice beast's attack.
The ice beast attacks as you move away! You block the ice beast's attack.
The ice beast attacks as you move away!
The ice beast hits you but does no damage.
Okay, then.
There is a stone staircase leading up here.
The ice beast attacks as you move away! You block the ice beast's attack.
The ice beast attacks as you move away! The ice beast hits you.
* * * LOW HITPOINT WARNING * * *
The ice beast freezes you!
You die...

...... .(.... .....
.... # #..# ###. #$.#
##....#######..######
.......@Y............
##....#######..#####.
###. .......<.......
# #######.#######
..........#
.######.#.####
#.#....# #.####.#
#.####.#


You could see an ice beast.

Vanquished Creatures
  A howler monkey (D:4)
  An orc priest (D:4)
  An orc wizard (D:4)
  5 adders
  A worm (D:3)
  5 orcs (D:4)
  5 bats
  5 endoplasms
  3 giant cockroaches
  3 goblins
  6 hobgoblins
  5 kobolds
  5 quokkas
  3 ball pythons
  4 frilled lizards
  3 rats (D:1)
56 creatures vanquished.

Notes
Turn   | Place    | Note
-------+----------+-------------------------------------------
     0 | D:1      | Lekart the Draconian Fighter began the quest for the Orb.
     0 | D:1      | Reached XP level 1. HP: 19/19 MP: 1/1
   227 | D:1      | Reached XP level 2. HP: 26/26 MP: 2/2
   675 | D:1      | Found a faded altar of an unknown god.
   977 | D:2      | Reached XP level 3. HP: 17/33 MP: 3/3
  1432 | D:2      | Identified the +1 scale mail of Wisdom {Contam rElec Int-5
                  | Stlth+}
  1485 | D:2      | Reached skill level 1 in Throwing
  1936 | D:3      | Reached XP level 4. HP: 40/40 MP: 4/4
  1964 | D:3      | Found Qoutaf's Book Shop.
  1981 | D:3      | Found Emopt's General Store.
  2270 | D:3      | Found Hiusisus's Assorted Antiques.
  2279 | D:3      | Bought a scroll of teleportation for 60 gold pieces
  2279 | D:3      | Bought a scroll labelled JENKAO HYTWE for 20 gold pieces
  2834 | D:4      | Found a shimmering altar of Xom.
  3004 | D:4      | Reached XP level 5. HP: 34/46 MP: 5/5
  3199 | D:4      | Found a glowing silver altar of Zin.
  3320 | D:4      | Reached skill level 4 in Fighting
  3803 | D:5      | Entered Level 5 of the Dungeon
  3804 | D:5      | Noticed an ice beast
  3821 | D:5      | HP: 1/46 [ice beast (12)]
  3850 | D:5      | Mangled by an ice beast

Illustrated notes

Levels and vault maps discovered:
D:1:      matt_arrival_debris, layout_loops_ring, basic_ecumenical_altar
D:2:      layout_basic, serial_glass, glass_columns_a, glass_columns_a
D:3:      layout_loops_ring, serial_shops, shop, nicolae_lakefront_shop,
          nicolae_lakefront_shop
D:4:      layout_loops_corners, nicolae_overflow_crystal_walls,
          kennysheep_little_box, amcnicky_mini_corridor_feature
D:5:      lemuel_castle_with_subvaults [lemuel_castle_interior_carwin_2],
          layout_basic, nicolae_ashenzari_panopticon,
          minmay_temple_entry_slanted

Skill      XL: |  1  2  3  4  5 |
---------------+----------------+-----
Throwing       | 1 2 |  2.0
Dodging        | 3 |  3.2
Axes           | 3 |  3.8
Fighting       | 4 |  4.0
Shields        | |  3.6

Action                   |  1- 3 |  4- 6 || total
-------------------------+-------+-------++-------
Melee: War axe           |    69 |    89 ||   158
       Tailslap          |     4 |     6 ||    10
Throw: Dart              |    52 |     8 ||    60
  Use: Scroll            |     9 |     2 ||    11
       Potion            |       |     1 ||     1
 Stab: Sleeping          |       |     1 ||     1
Armor: Skin              |    23 |    35 ||    58
Dodge: Dodged            |    53 |    52 ||   105
Block: Buckler           |     8 |    18 ||    26

Table legend: (Time is in decaauts)
 A = Elapsed time spent in this place.
 B = Non-inter-level travel time spent in this place.
 C = Inter-level travel time spent in this place.
 D = Time resting spent in this place.
 E = Time spent auto-exploring this place.
 F = Levels seen in this place.
 G = Mean time per level.
                   A        B        C        D        E       F      G
               +--------+--------+--------+--------+--------+-----+--------+
         Total |   3920 |   3832 |     88 |    220 |   3048 |   5 |  784.0 |
       Dungeon |   3920 |   3832 |     88 |    220 |   3048 |   5 |  784.0 |
               +--------+--------+--------+--------+--------+-----+--------+

Top non-repeatable levels by time:
     D:4: 1123 daAuts
     D:3: 981 daAuts
     D:1: 923 daAuts
     D:2: 838 daAuts
     D:5: 52 daAuts
